Map: [ESL] Oceanborn

Players

Solar

  • Race: Zerg Zerg
  • Spawn Location: 5:00

ShaDoWn - Winner!

  • Race: Protoss Protoss
  • Spawn Location: 11:00

Event: ESL Spring 2024 Finals

VOD

Have the link to the VOD?

Description

Time

  • Played on: May 31, 2024, 2:57 p.m.
  • Length: 23:42

All games in this series

Show
View Real Time Build Order
Export as new Build Order

Solar Zerg 

Build Orders: Hatch First, Lurkers 

Get SALT Encoding   

  12  0:00  Drone  
  13  0:12  Overlord  
  13  0:16  Drone  
  14  0:40  Drone  
  14  0:42  Drone  
  16  0:48  Hatchery  
  15  0:51  Drone  
  15  0:56  Drone  
  17  1:02  Drone  
  18  1:10  Extractor  
  17  1:15  Spawning Pool  
  17  1:17  Drone  
  17  1:24  Drone  
  18  1:33  Drone  
  19  1:44  Drone  
  20  1:55  Overlord  
  20  1:59  Drone  
  21  2:01  Queen  
  21  2:02  Queen  
  21  2:06  Drone  
  26  2:10  Drone  
  27  2:16  Metabolic Boost  
  27  2:17  Drone  
  27  2:21  Drone  
  29  2:27  Zergling x2  
  30  2:33  Hatchery  
  30  2:35  Zergling x2  
  30  2:42  Queen  
  32  2:46  Overlord  
  32  2:48  Drone  
  32  2:50  Drone  
  34  2:53  Drone  
  35  3:00  Drone  
  35  3:04  Queen  
  38  3:07  Drone  
  38  3:11  Drone x2  
  41  3:14  Drone  
  41  3:15  Overlord  
  42  3:20  Queen  
  42  3:26  Overlord  
  45  3:34  Zergling x2  
  45  3:35  Drone x2  
  45  3:37  Drone  
  48  3:42  Queen  
  48  3:43  Drone  
  48  3:44  Zergling x4  
  48  3:45  Queen  
  55  3:50  Spore Crawler  
  55  3:55  Drone x2  
  54  3:57  Drone x2  
  54  4:00  Drone  
  54  4:02  Drone  
  57  4:05  Drone x2  
  57  4:09  Drone  
  60  4:12  Extractor  
  60  4:13  Spore Crawler, Overlord  
  60  4:15  Drone  
  59  4:23  Spore Crawler  
  60  4:24  Drone  
  60  4:25  Drone x5  
  60  4:29  Overlord  
  66  4:32  Overlord  
  66  4:36  Overlord  
  66  4:40  Overlord  
  66  4:41  Extractor  
  66  4:43  Drone  
  66  4:47  Spore Crawler, Drone x4  
  66  4:50  Drone x2  
  66  4:51  Zergling x2  
  66  4:52  Zergling x2  
  73  4:55  Zergling x4  
  73  4:58  Drone x2  
  73  4:59  Drone x2  
  79  5:01  Zergling x4  
  76  5:07  Zergling x4  
  76  5:08  Lair  
  76  5:11  Drone  
  75  5:19  Drone x4  
  74  5:25  Drone x2  
  76  5:32  Drone  
  76  5:33  Drone x2  
  76  5:34  Drone, Evolution Chamber  
  76  5:35  Roach Warren, Drone  
  79  5:38  Drone x2  
  79  5:40  Drone  
  82  5:47  Hatchery  
  81  5:50  Drone x2, Extractor x2  
  81  5:52  Extractor  
  81  5:53  Drone x3  
  81  5:55  Overlord  
  83  5:59  Extractor  
  83  6:00  Drone x4  
  83  6:02  Drone  
  87  6:08  Overlord  
  87  6:09  Drone, Overseer  
  85  6:22  Glial Reconstitution, Zerg Missile Weapons Level 1  
  85  6:25  Roach x8  
  101  6:26  Overlord  
  101  6:30  Overseer  
  101  6:36  Overlord  
  101  6:37  Roach x2  
  101  6:38  Roach x2  
  109  6:44  Roach x2  
  109  6:45  Roach x2  
  109  6:46  Pneumatized Carapace  
  116  6:48  Overlord  
  116  6:50  Roach  
  116  6:51  Roach  
  120  6:54  Roach  
  120  6:55  Roach  
  120  6:57  Overlord  
  124  7:05  Roach x5  
  136  7:08  Zergling x4  
  136  7:11  Queen  
  136  7:13  Ravager x2  
  136  7:14  Overlord  
  139  7:17  Zergling x6  
  139  7:21  Ravager x2  
  144  7:24  Overlord  
  144  7:25  Zergling x2, Roach x2  
  144  7:27  Spore Crawler  
  149  7:30  Ravager  
  149  7:31  Zergling x2  
  149  7:36  Overlord  
  151  7:43  Ravager x3  
  156  7:44  Zergling x4, Roach  
  156  7:47  Zergling x12  
  168  7:51  Roach x2  
  168  7:52  Overlord  
  168  7:56  Roach x2  
  168  7:58  Zergling x8  
  176  7:59  Overlord  
  176  8:00  Overlord  
  176  8:03  Roach  
  172  8:12  Roach x2  
  174  8:14  Roach x5  
  174  8:17  Roach x2  
  174  8:18  Roach  
  184  8:20  Ravager x2  
  184  8:22  Roach  
  184  8:24  Roach x2  
  184  8:26  Roach  
  184  8:31  Roach  
  184  8:32  Roach x3  
  190  8:36  Roach  
  190  8:38  Roach x4  
  191  8:45  Roach x4  
  179  8:50  Roach x2  
  179  8:51  Roach x2  
  179  8:52  Zergling x4  
  179  8:53  Ravager  
  180  8:56  Zergling x6  
  180  8:59  Zergling x4  
  176  9:05  Roach x2  
  172  9:12  Roach x2  
  172  9:13  Zergling x2  
  172  9:14  Zergling x8  
  158  9:19  Roach  
  143  9:26  Roach x6  
  143  9:30  Roach x5  
  154  9:31  Roach  
  154  9:33  Ravager x4  
  154  9:37  Zergling x4  
  154  9:38  Ravager  
  161  9:39  Zergling x4  
  161  9:43  Zergling x6  
  161  9:44  Ravager  
  167  9:50  Infestation Pit  
  167  9:51  Extractor, Roach x2  
  167  9:52  Zergling x4, Extractor  
  169  9:55  Roach x2  
  169  9:58  Roach  
  175  10:01  Roach x2  
  175  10:04  Zergling x6  
  176  10:10  Roach x3  
  176  10:13  Roach x2  
  163  10:15  Roach  
  163  10:17  Roach x2  
  160  10:22  Roach x2  
  160  10:24  Roach x2  
  165  10:28  Roach x2  
  165  10:32  Roach x2  
  165  10:35  Roach x2  
  154  10:40  Roach x3  
  154  10:42  Roach x2  
  152  10:45  Roach  
  152  10:47  Ravager x2  
  152  10:48  Zergling x4  
  158  10:50  Ravager  
  158  10:52  Zergling x4  
  158  10:53  Zergling x2  
  158  10:55  Zergling x2  
  163  10:58  Roach x2  
  163  11:00  Zergling x4  
  163  11:03  Roach  
  171  11:05  Ravager x2  
  171  11:07  Overlord  
  173  11:11  Roach  
  173  11:12  Roach x2  
  173  11:13  Zergling x2  
  173  11:17  Ravager x2  
  173  11:18  Zergling x4  
  184  11:23  Overlord  
  184  11:27  Roach x4  
  184  11:29  Overseer  
  192  11:34  Overlord  
  192  11:39  Roach x2  
  192  11:43  Hive  
  192  11:46  Hydralisk Den  
  186  11:53  Drone x7  
  175  11:57  Zergling x18  
  183  12:05  Drone  
  182  12:08  Zergling x2  
  182  12:09  Zergling x4  
  182  12:13  Zergling x6  
  182  12:15  Grooved Spines  
  182  12:18  Lurker Den  
  182  12:21  Hatchery, Zergling x6  
  171  12:26  Drone x2  
  172  12:34  Hydralisk x4  
  180  12:40  Hydralisk x3  
  183  12:47  Hydralisk x2  
  183  12:51  Spine Crawler, Drone x2  
  186  12:52  Drone  
  189  12:59  Zerg Missile Weapons Level 2  
  189  13:04  Extractor  
  189  13:05  Overseer, Extractor  
  186  13:17  Seismic Spines  
  186  13:18  Drone x2  
  186  13:19  Lurker x7  
  195  13:26  Hydralisk x2  
  199  13:31  Zergling x8  
  195  13:35  Adrenal Glands  
  195  13:36  Muscular Augments  
  186  13:43  Lurker  
  186  13:46  Zergling x10  
  184  13:49  Lurker  
  184  13:50  Hatchery  
  184  13:51  Zergling x6  
  185  13:57  Spore Crawler  
  185  14:00  Lurker x2  
  186  14:05  Overlord  
  186  14:06  Drone  
  186  14:08  Drone x4  
  191  14:11  Overlord  
  191  14:14  Adaptive Talons  
  189  14:17  Hydralisk  
  189  14:18  Hydralisk  
  189  14:22  Hydralisk x2  
  185  14:28  Drone x2  
  181  14:32  Hydralisk x3  
  181  14:38  Hydralisk  
  187  14:43  Lurker  
  187  14:44  Lurker  
  191  14:50  Hydralisk x3  
  196  14:58  Lurker x4  
  167  15:25  Hydralisk x10  
  187  15:30  Zergling x8  
  187  15:32  Zergling x2  
  187  15:33  Zergling x2  
  187  15:34  Hydralisk  
  190  15:39  Zergling x6  
  183  15:44  Hydralisk  
  183  15:47  Roach x2  
  189  15:51  Roach  
  189  15:54  Zergling x2  
  189  15:55  Zergling x4  
  189  15:57  Hydralisk  
  189  16:01  Overlord  
  178  16:11  Lurker x2  
  178  16:14  Overlord  
  173  16:21  Overlord  
  162  16:37  Zergling x4  
  146  16:54  Hydralisk  
  148  17:04  Hydralisk  
  136  17:18  Hydralisk x2  
  136  17:20  Zergling x4  
  139  17:26  Lurker  
  140  17:30  Zergling x4  
  140  17:32  Zergling x2  
  142  17:42  Hydralisk  
  144  17:48  Hydralisk  
  146  18:04  Hatchery  
  145  18:08  Viper  
  148  18:29  Lurker x5  
  148  18:34  Overseer, Hydralisk  
  150  18:42  Hydralisk  
  151  18:51  Hydralisk  
  153  18:59  Hydralisk  
  155  19:04  Hydralisk  
  157  19:19  Drone, Hydralisk x2  
  157  19:20  Hydralisk  
  160  19:31  Lurker x5  
  165  19:42  Hydralisk  
  156  19:52  Lurker  
  152  19:55  Hydralisk  
  152  19:59  Hydralisk  
  153  20:10  Hydralisk  
  155  20:14  Hydralisk  
  156  20:22  Hydralisk  
  156  20:25  Hydralisk  
  158  20:39  Hydralisk x2  
  162  20:45  Hydralisk  
  162  20:48  Viper  
  167  20:51  Viper  
  167  20:55  Drone  
  166  21:19  Hatchery  
  166  21:20  Drone x2  
  167  21:34  Hydralisk x2  
  148  21:48  Lurker  
  148  21:50  Lurker  
  148  21:56  Hydralisk x2  
  152  22:13  Zergling x8  
  137  22:38  Hydralisk x3  
  132  22:46  Hydralisk  
  112  23:05  Hydralisk  
  96  23:17  Hydralisk  
Show
View Real Time Build Order
Export as new Build Order

ShaDoWn Protoss - Winner!

Build Orders: 1 Gate Expand, Oracle Opening, Archon Immortal 

Get SALT Encoding   

  12  0:00  Probe  
  13  0:12  Probe  
  14  0:19  Pylon  
  14  0:24  Probe  
  15  0:29  Assimilator  
  15  0:37  Probe (Chrono Boost)  
  16  0:43  Gateway  
  16  0:46  Probe (Chrono Boost)  
  17  0:52  Probe  
  18  1:04  Probe  
  19  1:16  Probe  
  20  1:21  Nexus  
  20  1:31  Cybernetics Core  
  20  1:34  Probe  
  20  1:39  Assimilator  
  21  1:47  Probe  
  22  1:49  Pylon  
  22  1:58  Probe  
  23  2:04  Adept (Chrono Boost)  
  23  2:06  Probe  
  25  2:14  Probe, Stargate  
  26  2:20  Warp Gate  
  27  2:27  Adept  
  27  2:28  Probe (Chrono Boost)  
  30  2:34  Probe (Chrono Boost)  
  31  2:43  Probe (Chrono Boost)  
  31  2:44  Probe (Chrono Boost)  
  33  2:49  Probe (Chrono Boost)  
  33  2:50  Probe  
  35  2:57  Oracle (Chrono Boost)  
  38  2:59  Adept  
  38  3:01  Probe  
  38  3:02  Probe  
  38  3:04  Pylon  
  42  3:13  Probe  
  42  3:14  Probe  
  42  3:16  Gateway  
  44  3:25  Oracle (Chrono Boost), Probe  
  44  3:26  Probe  
  49  3:37  Probe  
  49  3:38  Probe  
  51  3:43  Pylon  
  51  3:47  Nexus  
  51  3:51  Oracle (Chrono Boost)  
  54  4:00  Pylon  
  54  4:01  Probe x2  
  54  4:02  Assimilator  
  56  4:09  Stalker  
  58  4:13  Probe  
  58  4:14  Probe  
  60  4:17  Assimilator  
  60  4:18  Adept, Pylon  
  62  4:25  Probe  
  62  4:26  Probe  
  64  4:33  Adept x2  
  64  4:37  Probe  
  69  4:38  Probe  
  69  4:44  Forge  
  70  4:46  Robotics Facility  
  70  4:49  Probe  
  70  4:51  Probe  
  69  4:56  Shield Battery  
  69  5:01  Probe  
  69  5:03  Probe x2  
  69  5:15  Probe x2 (Chrono Boost)  
  69  5:17  Probe (Chrono Boost)  
  69  5:18  Protoss Ground Weapons Level 1 (Chrono Boost)  
  69  5:20  Twilight Council  
  63  5:24  Gateway  
  63  5:26  Probe x2 (Chrono Boost)  
  63  5:27  Gateway  
  66  5:29  Probe (Chrono Boost)  
  66  5:30  Probe (Chrono Boost)  
  66  5:31  Probe (Chrono Boost)  
  66  5:32  Photon Cannon  
  66  5:33  Stalker  
  66  5:34  Stalker  
  72  5:36  Observer  
  72  5:38  Probe  
  72  5:42  Pylon  
  74  5:43  Probe x2  
  76  5:50  Probe  
  76  5:51  Gateway  
  76  5:55  Assimilator, Probe x2  
  79  5:57  Assimilator, Templar Archives  
  79  5:59  Immortal (Chrono Boost)  
  83  6:04  Probe  
  83  6:07  Psionic Storm  
  84  6:24  Blink  
  84  6:28  Gateway x2  
  84  6:32  Pylon  
  84  6:34  High Templar x2  
  88  6:41  Nexus  
  88  6:44  Probe  
  88  6:45  Pylon  
  88  6:46  Immortal  
  93  6:50  High Templar  
  93  6:53  Probe  
  93  6:54  Pylon  
  95  6:55  Probe  
  95  7:00  Shield Battery  
  96  7:02  Photon Cannon  
  96  7:05  High Templar  
  96  7:06  Shield Battery  
  96  7:08  Probe x2, Photon Cannon  
  98  7:09  Photon Cannon  
  98  7:13  Probe  
  101  7:16  Photon Cannon  
  101  7:19  High Templar  
  104  7:23  Immortal (Chrono Boost)  
  104  7:24  Gateway  
  104  7:25  High Templar, Photon Cannon  
  110  7:30  Stalker x2  
  110  7:32  Stalker  
  110  7:35  Stalker  
  117  7:38  Stalker  
  117  7:39  Photon Cannon  
  119  7:48  Photon Cannon  
  119  7:50  Pylon  
  119  7:54  Protoss Ground Weapons Level 2 (Chrono Boost)  
  119  7:55  Immortal  
  123  8:01  Pylon  
  123  8:07  Stalker x4  
  126  8:13  Stalker x2  
  126  8:19  Archon  
  130  8:20  Stalker x2  
  130  8:32  Stalker x4  
  133  8:37  Stalker x2  
  135  8:45  Zealot x2  
  135  8:47  Archon  
  132  8:49  Probe  
  132  8:50  Probe, Immortal  
  132  8:51  Shield Battery  
  132  8:54  Photon Cannon  
  134  8:58  Stalker x3  
  134  8:59  Probe  
  135  9:07  Stalker x3  
  136  9:12  Archon  
  136  9:15  Stalker x2  
  136  9:16  Probe  
  136  9:20  Probe  
  136  9:23  Probe x2  
  139  9:28  Probe  
  139  9:29  Assimilator  
  139  9:31  Assimilator, High Templar x2  
  144  9:32  Photon Cannon  
  146  9:40  Observer (Chrono Boost)  
  143  9:50  High Templar x2  
  147  9:55  Pylon  
  147  9:59  Probe x2  
  143  10:01  Probe  
  143  10:04  Stalker x2  
  143  10:06  Pylon  
  146  10:07  Pylon  
  146  10:13  Archon  
  136  10:15  Stalker x4, Protoss Ground Weapons Level 3 (Chrono Boost)  
  136  10:18  Immortal (Chrono Boost)  
  134  10:22  Probe  
  134  10:26  Stalker x2  
  125  10:38  Stalker x4  
  125  10:39  Zealot x2  
  133  10:44  Probe x2  
  133  10:45  Probe  
  136  10:54  Warp Prism (Chrono Boost)  
  138  10:57  High Templar x2  
  138  11:03  Nexus, High Templar  
  144  11:10  Pylon  
  144  11:20  Immortal (Chrono Boost)  
  144  11:22  High Templar x2  
  152  11:27  Gateway  
  152  11:28  Gateway  
  152  11:30  Charge (Chrono Boost), Shield Battery  
  152  11:38  Stalker x5  
  160  11:47  Zealot  
  160  11:54  Probe  
  153  11:57  Zealot x2  
  153  11:59  Probe x2  
  153  12:01  Immortal  
  151  12:03  Probe  
  151  12:04  Stalker x5  
  155  12:08  Probe  
  154  12:19  Stalker x2  
  154  12:22  Stalker x2  
  156  12:31  Probe x2  
  156  12:32  Shield Battery  
  156  12:33  High Templar  
  156  12:34  High Templar, Photon Cannon  
  156  12:35  Zealot x3  
  168  12:45  Stalker x3  
  168  12:48  Probe  
  168  12:51  Zealot x2  
  179  12:53  Probe  
  180  12:58  Protoss Shields Level 1 (Chrono Boost)  
  180  12:59  Zealot x3  
  186  13:07  Observer (Chrono Boost)  
  187  13:14  Stalker x3  
  187  13:16  Pylon  
  193  13:28  Pylon  
  187  13:35  Stalker x7  
  187  13:39  Probe  
  187  13:41  Assimilator x2  
  184  13:51  Immortal  
  184  13:55  High Templar x3  
  184  14:00  Archon  
  186  14:07  Stargate  
  186  14:08  Fleet Beacon  
  186  14:12  Probe x2  
  186  14:23  High Templar x4  
  190  14:25  Probe x2  
  192  14:33  Archon  
  192  14:35  Stalker x4  
  200  14:40  Stargate  
  200  14:42  Stargate  
  200  15:03  Photon Cannon  
  200  15:04  Photon Cannon  
  200  15:05  Pylon  
  192  15:20  Probe  
  185  15:25  Zealot  
  185  15:26  Zealot x9  
  183  15:49  Carrier (Chrono Boost)  
  170  16:01  High Templar x2  
  172  16:07  High Templar x5  
  178  16:19  High Templar  
  167  16:31  Archon  
  146  16:43  Zealot  
  146  16:44  Zealot x3  
  146  16:46  Cybernetics Core  
  118  17:18  Void Ray (Chrono Boost)  
  118  17:19  Zealot  
  118  17:22  Gateway  
  116  17:23  Pylon  
  116  17:24  Nexus, Pylon  
  107  17:30  Shield Battery  
  107  17:37  Stargate  
  106  17:39  Stargate  
  106  17:41  Gateway, Robotics Facility  
  97  18:02  Gateway  
  97  18:04  Pylon  
  97  18:08  Stalker  
  103  18:21  Void Ray (Chrono Boost)  
  103  18:33  Void Ray x2 (Chrono Boost)  
  111  18:34  Fleet Beacon  
  109  18:46  Immortal (Chrono Boost)  
  109  18:51  Zealot  
  109  18:52  Zealot x2  
  109  18:53  Twilight Council  
  115  19:06  Nexus  
  115  19:08  Void Ray x2 (Chrono Boost)  
  122  19:15  Pylon  
  121  19:18  Twilight Council  
  121  19:21  Pylon  
  121  19:22  Pylon  
  121  19:26  Nexus  
  121  19:27  Pylon  
  121  19:35  Tempest (Chrono Boost)  
  121  19:36  Pylon  
  126  19:41  Pylon  
  132  19:45  Tempest (Chrono Boost)  
  132  19:47  Tempest (Chrono Boost)  
  130  19:56  Templar Archives, Probe  
  130  19:57  Probe  
  130  20:02  Zealot x2  
  132  20:08  Probe  
  132  20:09  Observer (Chrono Boost)  
  132  20:26  Oracle  
  132  20:27  Tempest  
  140  20:33  High Templar x6  
  146  20:41  Observer (Chrono Boost)  
  146  20:42  Probe (Chrono Boost)  
  148  20:57  Tempest, Probe  
  154  21:05  Immortal (Chrono Boost)  
  154  21:09  Probe  
  157  21:13  Probe  
  157  21:16  Robotics Facility  
  157  21:17  Zealot x4  
  157  21:18  Zealot  
  168  21:20  Probe  
  168  21:21  Probe  
  168  21:24  Observer  
  169  21:32  Probe  
  169  21:34  High Templar  
  169  21:35  Immortal (Chrono Boost)  
  169  21:36  Probe  
  171  21:49  Assimilator  
  171  21:50  Assimilator  
  161  22:11  Tempest x2 (Chrono Boost)  
  161  22:13  Zealot x2  
  166  22:19  Nexus  
  166  22:22  Pylon  
  171  22:42  Tempest (Chrono Boost)  
  169  22:46  Immortal  
  169  22:47  Probe  
  169  22:54  Zealot x6  
  169  22:55  Observer  
  181  23:00  Assimilator  
  171  23:17  High Templar x2  
  159  23:20  Assimilator  
Tags
 
Add a new tag
Caveats
  • Supply blocks, unpowered buildings, or Contaminate may cause inaccurate times.
  • Supply counts are checked every 10 seconds.